 Dungeon Crawl Stone Soup version 0.30-a0-715-gdb4ae3ece1 (webtiles) character file.

Game seed: 9067389226720019168

103 Caratheodory the Shooter (level 4, 0/37 HPs)
             Began as a Barachi Hunter on Jan 24, 2023.
             Slain by an orc wizard
             ... wielding a +0 dagger
              (2 damage)
             ... on level 2 of the Dungeon.
             The game lasted 00:03:11 (1017 turns).

Caratheodory the Shooter (Barachi Hunter)           Turns: 1017, Time: 00:03:12

Health: 0/37       AC:  3    Str: 12    XL:     4   Next: 79%
Magic:  4/4        EV: 13    Int: 10    God:
Gold:   206        SH:  0    Dex: 17    Spells: 3/3 levels left

rFire   . . .      SeeInvis +    a - +0 shortbow
rCold   . . .      Faith    .    (shield currently unavailable)
rNeg    . . .      Spirit   .    c - +0 leather armour
rPois   .          Reflect  .    (no helmet)
rElec   .          Harm     .    (no cloak)
rCorr   .          Rampage  .    (no gloves)
Will    .....                    (no boots)
Stlth   +                        (no amulet)
HPRegen 0.26/turn                i - ring of see invisible
MPRegen 0.09/turn                (no ring)

@: confused, mighty, attractive, invisible, slow
A: amphibious, slowness 1, strong legs 1, +LOS
a: Hop


You were on level 2 of the Dungeon.
You visited 1 branch of the dungeon, and saw 3 of its levels.

You collected 206 gold pieces.

Inventory:

Hand Weapons
 a - a +0 shortbow (weapon)
Missiles
 h - a throwing net
Armour
 c - a +0 leather armour (worn)
Jewellery
 i - a ring of see invisible (left hand)
Wands
 k - a wand of flame (11)
Scrolls
 b - a scroll of immolation
 f - a scroll of enchant weapon {unknown}
 g - a scroll of fog {unknown}
Potions
 j - a potion of attraction
 l - a potion of curing {unknown}


   Skills:
 + Level 3.9 Fighting
 + Level 4.7 Ranged Weapons
 + Level 3.5 Dodging
 - Level 0.8 Stealth


You had 3 spell levels left.
You didn't know any spells.
Your spell library contained the following spells:

 Spells                   Type           Power      Damage    Failure   Level
 Ignite Poison            Fire/Tmut/Pois 0%         N/A       82%         3
 Sticky Flame             Conj/Fire      0%         2d3       99%         4
 Ignition                 Fire           0%         3d3       100%        8


Dungeon Overview and Level Annotations

Branches:
Dungeon (3/15)

Altars:


Innate Abilities, Weirdness & Mutations

You are amphibious.
You cover ground slowly.
You can hop short distances.
You have an extended range of vision and can be seen from far away.


Message History

Press: ? - help, Q - select action, (/) - cycle Shift-Dir - straight line, f/p - orc
Aim: an orc, wielding a +0 hand axe and wearing a +0 scale mail (moderately wounded, 66% to hit)
You shoot an arrow. The arrow completely misses the orc.
The arrow hits the orc wizard but does no damage.
The orc barely misses you.
Fire: a) +0 shortbow
Press: ? - help, Q - select action, (/) - cycle Shift-Dir - straight line, f/p - orc
Aim: an orc, wielding a +0 hand axe and wearing a +0 scale mail (moderately wounded, 66% to hit)
You shoot an arrow. The arrow hits the orc.
You kill the orc!
The orc wizard gestures at you while chanting.
You are confused.
Non-targeted confused fire: a) +0 shortbow
Press: ? - help, Q - select action, (/) - cycle Dir - look around, f - activate Look: an orc wizard, wielding a +0 dagger and wearing a +0 robe (slightly transparent)
You shoot an arrow.
The orc wizard hits you but does no damage.
The orc wizard points at you and mumbles some strange words.
The magic dart hits you!
* * * LOW HITPOINT WARNING * * *
You're too confused to move!
The orc wizard gestures at you while chanting.
The magic dart hits you.
* * * LOW HITPOINT WARNING * * *
You closely miss the orc wizard. The orc wizard closely misses you.
The orc wizard barely misses you.
It was a potion of attraction.
You feel attractive to monsters.
You feel less confused. The orc wizard barely misses you.
It was a potion of invisibility.
You fade into invisibility!
The orc wizard points at you and mumbles some strange words.
You resist with some effort.
The orc wizard points at something and mumbles some strange words.
You are confused.
The orc wizard is attracted toward you.
It was a potion of might.
You feel very mighty all of a sudden.
You are ready to hop once more.
The orc wizard hits you with a +0 dagger.
You die...

.................................
####.#...[........##.............
####.#............##..........###
..................#...........#
...........########...........#
.......)......................#
..............................#
...................#..........###
................@..#####)........
...............o...#####.........
..........>...ยง............#.....
..........#...........)....######
......###...................#
....#..............###......#
....#.........#.............#
#...#.........#........)..(.#
#...##........#.............#


You could see an orc wizard (invisible, unable to see you).

Vanquished Creatures
  An orc wizard (D:3)
  3 adders (D:2)
  3 dart slugs (D:1)
  2 orcs
  3 bats (D:1)
  4 endoplasms
  2 giant cockroaches (D:1)
  5 goblins
  7 kobolds
  A quokka (D:2)
  6 ball pythons
  9 rats
46 creatures vanquished.

Vanquished Creatures (others)
  A fungus (D:1)
  6 toadstools (D:1)
7 creatures vanquished.

Grand Total: 53 creatures vanquished

Notes
Turn   | Place    | Note
-------+----------+-------------------------------------------
     0 | D:1      | Caratheodory the Barachi Hunter began the quest for the
                  | Orb.
     0 | D:1      | Reached XP level 1. HP: 17/17 MP: 1/1
    34 | D:1      | Reached XP level 2. HP: 23/23 MP: 2/2
   303 | D:1      | Reached XP level 3. HP: 29/29 MP: 3/3
   630 | D:2      | Reached XP level 4. HP: 35/35 MP: 4/4
  1012 | D:2      | HP: 1/37 [orc wizard/magic dart (3)]
  1017 | D:2      | Slain by an orc wizard

Illustrated notes

Levels and vault maps discovered:
D:1:      onia_arrival_handbag, layout_rooms, minmay_gold_behind_fungi,
          hex_intersection
D:2:      layout_basic
D:3:      cheibrodos_fertilizer, layout_basic, minmay_misc_feat_secret_circle,
          minmay_strange_pillars

Skill      XL: |  1  2  3 |
---------------+----------+-----
Fighting       | 3 |  3.9
Dodging        | 3 |  3.5
Ranged Weapons | |  4.7
Stealth        | |  0.8

Action                     |  1- 3 |  4- 6 || total
---------------------------+-------+-------++-------
  Melee: Shortbow          |       |     1 ||     1
   Fire: Shortbow          |    74 |    32 ||   106
Ability: Hop               |       |     1 ||     1
    Use: Potion            |       |     3 ||     3
 Armour: Leather armour    |     2 |     2 ||     4
  Dodge: Dodged            |    11 |    16 ||    27

Table legend: (Time is in decaauts)
 A = Elapsed time spent in this place.
 B = Non-inter-level travel time spent in this place.
 C = Inter-level travel time spent in this place.
 D = Time resting spent in this place.
 E = Time spent auto-exploring this place.
 F = Levels seen in this place.
 G = Mean time per level.
                   A        B        C        D        E       F      G
               +--------+--------+--------+--------+--------+-----+--------+
         Total |   1217 |   1166 |     51 |      0 |    931 |   3 |  405.7 |
       Dungeon |   1217 |   1166 |     51 |      0 |    931 |   3 |  405.7 |
               +--------+--------+--------+--------+--------+-----+--------+

Top non-repeatable levels by time:
     D:2: 634 daAuts
     D:1: 569 daAuts
     D:3: 13 daAuts
